 Dungeon Crawl Stone Soup version 0.30-a0-528-g8c47a4955b (webtiles) character file.

Game seed: 3417291593663458988

101 PyroL the Changer (level 4, -48/28 HPs)
             Began as an Octopode Transmuter on Dec 23, 2022.
             Killed by an exploding adder (54 damage)
             ... ignited by their inner flame
             ... on level 2 of the Dungeon.
             The game lasted 00:03:15 (1483 turns).

PyroL the Changer (Octopode Transmuter)             Turns: 1483, Time: 00:03:16

Health: -48/28     AC:  2    Str:  9    XL:     4   Next: 75%
Magic:  3/7        EV: 19    Int: 17    God:
Gold:   20         SH:  0    Dex: 17    Spells: 1/7 levels left

rFire   . . .      SeeInvis .      - Unarmed
rCold   . . .      Faith    .    (shield currently unavailable)
rNeg    . . .      Spirit   .    (helmet currently unavailable)
rPois   x          Reflect  .    (no amulet)
rElec   .          Harm     .    (no ring)
rCorr   .          Rampage  .    (no ring)
Will    .....                    (no ring)
Stlth   ++                       (no ring)
HPRegen 0.24/turn                (no ring)
MPRegen 0.10/turn                (no ring)
                                 (no ring)
                                 (no ring)

@: spider-form (expiring), wereblooded
A: venomous fangs, almost no armour, (amphibious), 8 rings, tiny, (camouflage
1), (gelatinous body 1), (nimble swimmer 1), (tentacles)
a: End Transformation


You were on level 2 of the Dungeon.
You were a venomous arachnid creature.
You visited 1 branch of the dungeon, and saw 2 of its levels.

You collected 20 gold pieces.

Inventory:

Missiles
 d - 4 poisoned darts
Scrolls
 c - a scroll of enchant weapon {unknown}
 e - a scroll of identify {unknown}
Potions
 a - 3 potions of lignification
 f - a potion of mutation {unknown}
 g - a potion of degeneration {unknown}


   Skills:
 - Level 1.0 Fighting
 - Level 2.0 Dodging
 - Level 3.0 Unarmed Combat
 - Level 2.0 Spellcasting
 + Level 3.9 Transmutations
 - Level 3.0 Poison Magic


You had one spell level left.
You knew the following spells:

 Your Spells              Type           Power      Damage    Failure   Level
a - Beastly Appendage     Tmut           30%        N/A       12%         1
b - Wereblood             Tmut           15%        N/A       17%         2
c - Spider Form           Tmut/Pois      13%        N/A       32%         3

Your spell library contained the following spells:

 Spells                   Type           Power      Damage    Failure   Level
 Ice Form                 Ice/Tmut       8%         N/A       83%         4


Dungeon Overview and Level Annotations

Branches:
Dungeon (2/15)

Altars:

Annotations:
D:2 Sigmund


Innate Abilities, Weirdness & Mutations

You are a venomous arachnid creature.
You have poisonous fangs.
You are tiny and dextrous.
Your spellcasting is less reliable in this form.
Your armour is entirely melded.
You are incapable of wielding weapons or throwing items.
You cannot wear most types of armour.
((You are amphibious.))
You can wear up to eight rings at the same time.
((Your skin changes colour to match your surroundings (Stealth+).))
((Your rubbery body absorbs attacks. (AC +1, EV +1)))
((You are camouflaged when in or above water. (Stealth+)))
((You have tentacles for arms and can constrict up to eight enemies at once.))


Message History

The gnoll is almost dead.
You feel sick. The gnoll hits you with a +0 flail!
* * * LOW HITPOINT WARNING * * *
You hit the gnoll but do no damage.
The gnoll looks as sick as possible!
The gnoll is almost dead.
You feel sick.
You feel a bit better.
You kill the gnoll!
You hit the gnoll.
The gnoll is poisoned.
The gnoll is lightly wounded.
You hiss as the wereblood boils in your veins!
You feel sick.
You hear a shout!
The gnoll misses you. The gnoll barely misses you.
You hit the gnoll.
The gnoll looks as sick as possible!
The gnoll is heavily wounded.
You hiss as the wereblood boils in your veins!
You feel sick. The gnoll misses you. The gnoll completely misses you.
You hit the gnoll but do no damage.
The gnoll looks as sick as possible!
The gnoll is severely wounded.
You feel sick.
You are no longer poisoned.
The gnoll completely misses you.
The gnoll hits you from afar with a +2 vorpal halberd!
* * * LOW HITPOINT WARNING * * *
x2 Unknown command.
There is an open door here.
You kill the gnoll!
You hiss as the wereblood boils in your veins!
The hobgoblin shouts!
Your transformation is almost over.
As you read the scroll labelled AJEPTE ROFFA, it crumbles to dust.
The creatures around you are filled with an inner flame!
It was a scroll of immolation.
The gnoll misses you.
You bite the adder!
Flame seeps out of the adder.
The adder is poisoned.
The adder is almost dead.
You feel a bit better.
The adder explodes!
The fiery explosion engulfs the gnoll!!
The fiery explosion engulfs you!!!
Ouch! That really hurt!
You die...

#.# ...... #)# ##.##>
#g# #. ##'## #. ##.g.##
#. ##.....## #.
##..§)...## #..#.###.
###...§○§...####........
..'...§s§...'...........
###.........####....####
##.......## ##.#
##.....## .. ##...## #
##†## #.##### #.....#
##..##.#


You could see a gnoll (inner flame) and a hobgoblin (inner flame).

Vanquished Creatures
  Terence (D:2)
  3 gnolls (D:2)
  4 adders (D:2)
  2 dart slugs (D:1)
  2 endoplasms
  A giant cockroach (D:2)
  2 goblins (D:1)
  2 hobgoblins
  2 quokkas (D:1)
  3 ball pythons (D:1)
  A bat (D:2)
  5 frilled lizards
  3 kobolds
  3 rats
34 creatures vanquished.

Notes
Turn   | Place    | Note
-------+----------+-------------------------------------------
     0 | D:1      | PyroL the Octopode Transmuter began the quest for the Orb.
     0 | D:1      | Reached XP level 1. HP: 13/13 MP: 3/3
   161 | D:1      | Reached skill level 1 in Poison Magic
   163 | D:1      | Reached XP level 2. HP: 16/18 MP: 1/5
   384 | D:1      | Learned a level 2 spell: Wereblood
   594 | D:2      | Noticed Terence
   681 | D:2      | Reached XP level 3. HP: 20/23 MP: 4/6
   940 | D:2      | Noticed Sigmund
  1007 | D:1      | Learned a level 3 spell: Spider Form
  1200 | D:2      | Killed Terence
  1201 | D:2      | Reached XP level 4. HP: 28/28 MP: 3/7
  1483 | D:2      | Killed by an exploding adder... ignited by their inner
                  | flame

Illustrated notes

Levels and vault maps discovered:
D:1:      minmay_arrival_four_circles, layout_basic
D:2:      layout_loops_corners, uniq_sigmund, uniq_terence

Skill      XL: |  1  2  3 |
---------------+----------+-----
Poison Magic   | 1 2 3 |  3.0
Transmutations | 3 |  3.9
Fighting       | |  1.0
Dodging        | |  2.0
Unarmed Combat | |  3.0
Spellcasting   | |  2.0

Action                   |  1- 3 |  4- 6 || total
-------------------------+-------+-------++-------
Melee: Unarmed           |    52 |    18 ||    70
       Constrict         |    14 |     1 ||    15
       Tentacles         |    13 |       ||    13
       Kick              |     7 |     1 ||     8
       Punch             |     1 |       ||     1
Throw: Dart              |     2 |       ||     2
 Cast: Beastly Appendage |    20 |     1 ||    21
       Spider Form       |     2 |     2 ||     4
       Wereblood         |     1 |     1 ||     2
  Use: Scroll            |       |     1 ||     1
 Stab: Sleeping          |     2 |       ||     2
Armor: Skin              |     3 |     1 ||     4
Dodge: Dodged            |    34 |    15 ||    49

Table legend: (Time is in decaauts)
 A = Elapsed time spent in this place.
 B = Non-inter-level travel time spent in this place.
 C = Inter-level travel time spent in this place.
 D = Time resting spent in this place.
 E = Time spent auto-exploring this place.
 F = Levels seen in this place.
 G = Mean time per level.
                   A        B        C        D        E       F      G
               +--------+--------+--------+--------+--------+-----+--------+
         Total |   1481 |   1309 |    172 |    267 |    743 |   2 |  740.5 |
       Dungeon |   1481 |   1309 |    172 |    267 |    743 |   2 |  740.5 |
               +--------+--------+--------+--------+--------+-----+--------+

Top non-repeatable levels by time:
     D:1: 857 daAuts
     D:2: 624 daAuts
